[Event "Vladimir Bato Kontic Memorial 2021"]
[Site "Niksic"]
[Date "2021.04.20"]
[Round "7.11"]
[White "Tomic, Aleksandar"]
[Black "Sukovic, Andrej"]
[Result "1-0"]
[ECO "B53"]
[WhiteElo "2377"]
[BlackElo "2283"]
[Annotator "NA"]
[PlyCount "115"]
[EventDate "2021.04.17"]
[EventType "swiss"]
[EventCountry "MNE"]
[SourceTitle "playchess.com"]
[Source "ChessBase"]
[SourceQuality "1"]
[TimeControl "40/5400+30:1800+30"]

1. e4 c5 2. Nf3 d6 3. d4 cxd4 4. Qxd4 Nc6 5. Qe3 g6 6. c4 Bg7 7. h3 Nf6 8. Be2 O-O 9. O-O Nd7 10. Nc3 Nde5 11. Rd1 Nxf3+ 12. Bxf3 Qa5 13. Be2 Qc5 14. Qg3 Nd4 15. Bf1 Qh5 16. Bg5 f6 17. Bf4 e5 18. Be3 f5 19. exf5 Nxf5 20. Qg5 Nxe3 21. Qxe3 Bh6 22. Qe2 Qh4 23. Rxd6 Bf5 24. c5 Rae8 25. Qc4+ Qxc4 26. Bxc4+ Kh8 27. Bd5 Rc8 28. g4 Bc2 29. Be4 Bxe4 30. Nxe4 Rf4 31. Re1 Bf8 32. Rd5 Kg8 33. Kg2 Rc6 34. Re2 b6 35. b4 bxc5 36. bxc5 Re6 37. f3 Be7 38. Rb2 Rf8 39. Rb7 Ra8 40. Rdd7 Kf8 41. Rxa7 Ra6 42. Rxa8+ Rxa8 43. Rd2 Ke8 44. Kg3 h5 45. gxh5 gxh5 46. Rd5 h4+ 47. Kg4 Rxa2 48. Kf5 Ra3 49. Kg4 Ra2 50. Rxe5 Re2 51. Kf5 Rh2 52. c6 Rc2 53. Re6 Kf8 54. f4 Rc4 55. Nd6 Bxd6 56. Rxd6 Rc3 57. Kg4 Rc4 58. Kg5 1-0

[Event "Vladimir Bato Kontic Memorial 2021"]
[Site "Niksic"]
[Date "2021.04.21"]
[Round "8.1"]
[White "Sanal, Vahap"]
[Black "Suleymanli, Aydin"]
[Result "0-1"]
[ECO "B13"]
[WhiteElo "2572"]
[BlackElo "2520"]
[Annotator "RC"]
[PlyCount "84"]
[EventDate "2021.04.17"]
[EventType "swiss"]
[EventCountry "MNE"]
[SourceTitle "playchess.com"]
[Source "ChessBase"]
[SourceQuality "1"]
[TimeControl "40/5400+30:1800+30"]

1. e4 c6 2. d4 d5 3. exd5 cxd5 4. Bd3 Nc6 5. c3 Qc7 6. h3 e6 7. Nf3 Bd6 8. O-O Nge7 9. Re1 O-O 10. b3 Rd8 11. Ba3 f6 12. c4 Ng6 13. Bxd6 Qxd6 14. Nc3 dxc4 15. Bxc4 Nf4 16. Ne4 Qe7 17. Rc1 Na5 18. Qd2 Nxc4 19. bxc4 Ng6 20. h4 Nf8 21. Qf4 b6 22. h5 h6 23. d5 Qf7 24. Qg3 Kh7 25. Nd4 exd5 26. cxd5 Rxd5 27. Nd6 Qxh5 28. Ne2 Rc5 29. Rxc5 bxc5 30. Nf4 Qg4 31. Qd3+ Ng6 32. Nd5 Qd4 33. Re7 Qa1+ 34. Kh2 f5 35. Re3 Qd4 36. Qb3 c4 37. Qb5 c3 38. Qc6 Ne5 39. Qxa8 Ng4+ 40. Kh3 Nxe3 41. Nxe3 Bd7 42. Nf7 f4+ 0-1

[Event "Vladimir Bato Kontic Memorial 2021"]
[Site "Niksic"]
[Date "2021.04.21"]
[Round "8.5"]
[White "Kisic, Bozidar"]
[Black "Osmak, Iulija"]
[Result "0-1"]
[ECO "D00"]
[WhiteElo "2263"]
[BlackElo "2428"]
[Annotator "ChessBase"]
[PlyCount "94"]
[EventDate "2021.04.17"]
[EventType "swiss"]
[EventCountry "MNE"]
[SourceTitle "playchess.com"]
[Source "ChessBase"]
[SourceQuality "1"]
[TimeControl "40/5400+30:1800+30"]

1. d4 e6 2. Bf4 d5 3. Nc3 a6 4. e4 Nf6 5. Bd3 Nc6 6. Nf3 Nb4 7. O-O Be7 8. a3 Nxd3 9. Qxd3 Bd7 10. Ne5 O-O 11. Nxd7 Qxd7 12. exd5 exd5 13. Rfe1 Rae8 14. h3 Bd8 15. Be5 Re6 16. Re2 Rfe8 17. Rae1 Qc6 18. Bxf6 Bxf6 19. Rxe6 Rxe6 20. Rxe6 Qxe6 21. Ne2 g6 22. c3 c6 23. Kf1 Bg5 24. f4 Bh4 25. Kg1 f5 26. g3 Be7 27. Kf2 Qe4 28. Qxe4 dxe4 29. Ke3 Kf7 30. Nc1 Ke6 31. Nb3 b5 32. Nd2 Kd5 33. Nb3 Bd6 34. Ke2 h6 35. h4 Bc7 36. Nd2 Bb6 37. Nf1 c5 38. Ne3+ Kd6 39. h5 cxd4 40. cxd4 Bxd4 41. hxg6 Ke6 42. g4 fxg4 43. Nxg4 h5 44. Ne3 h4 45. Nf1 Kf5 46. Ne3+ Kxg6 47. Nd5 h3 0-1

[Event "Vladimir Bato Kontic Memorial 2021"]
[Site "Niksic"]
[Date "2021.04.21"]
[Round "8.9"]
[White "Miletic, Vuk"]
[Black "Runic, Zoran"]
[Result "1/2-1/2"]
[ECO "D85"]
[WhiteElo "2254"]
[BlackElo "2378"]
[Annotator "ChessBase"]
[PlyCount "91"]
[EventDate "2021.04.17"]
[EventType "swiss"]
[EventCountry "MNE"]
[SourceTitle "playchess.com"]
[Source "ChessBase"]
[SourceQuality "1"]
[TimeControl "40/5400+30:1800+30"]

1. d4 Nf6 2. c4 g6 3. Nc3 d5 4. cxd5 Nxd5 5. e4 Nxc3 6. bxc3 Bg7 7. Be3 c5 8. Nf3 O-O 9. Qd2 cxd4 10. cxd4 Bg4 11. Be2 Nc6 12. Rd1 Na5 13. Bh6 Bxf3 14. gxf3 e6 15. h4 Bxh6 16. Qxh6 Qf6 17. h5 Rfd8 18. hxg6 hxg6 19. e5 Qg7 20. Qe3 Nc6 21. f4 Rac8 22. Bf3 Nb4 23. O-O Nc2 24. Qe4 b5 25. d5 g5 26. dxe6 gxf4+ 27. Bg2 fxe6 28. Qxf4 Rf8 29. Qg3 Rc4 30. Rd7 Qxg3 31. fxg3 Ra4 32. Rf6 Rxf6 33. exf6 Nd4 34. Bf1 a6 35. Bd3 Nf3+ 36. Kf2 Ne5 37. Rg7+ Kf8 38. Be2 Rxa2 39. g4 Rd2 40. g5 Rd7 41. Rxd7 Nxd7 42. Ke3 Nxf6 43. gxf6 Kf7 44. Kd4 Kxf6 45. Kc5 Kf5 46. Bf3 1/2-1/2

[Event "Vladimir Bato Kontic Memorial 2021"]
[Site "Niksic"]
[Date "2021.04.21"]
[Round "8.11"]
[White "Sukovic, Andrej"]
[Black "Potpara, Nikola"]
[Result "1-0"]
[ECO "B89"]
[WhiteElo "2283"]
[BlackElo "2370"]
[Annotator "ChessBase"]
[PlyCount "85"]
[EventDate "2021.04.17"]
[EventType "swiss"]
[EventCountry "MNE"]
[SourceTitle "playchess.com"]
[Source "ChessBase"]
[SourceQuality "1"]
[TimeControl "40/5400+30:1800+30"]

1. e4 c5 2. Nf3 d6 3. d4 cxd4 4. Nxd4 Nf6 5. Nc3 Nc6 6. Bc4 e6 7. Bb3 a6 8. Be3 Qc7 9. Qe2 Na5 10. g4 h6 11. f4 Nxb3 12. axb3 Nd7 13. h4 Rb8 14. O-O-O h5 15. gxh5 Nf6 16. h6 gxh6 17. Rhf1 Be7 18. e5 dxe5 19. fxe5 Qxe5 20. Bf4 Qxe2 21. Ndxe2 Nd7 22. Rxd7 Bxd7 23. Bxb8 Bxh4 24. Ne4 f5 25. Be5 Rg8 26. Nd6+ Ke7 27. Nxb7 Rg4 28. Nc5 Bb5 29. Kd1 Bf6 30. Bxf6+ Kxf6 31. c4 Bc6 32. Nxa6 h5 33. Nf4 h4 34. Nc7 Bg2 35. Nxg2 Rxg2 36. Rh1 Rxb2 37. Rxh4 Rxb3 38. Rh6+ Ke5 39. Kc2 Rb6 40. Nb5 Ke4 41. Kc3 f4 42. Nd4 f3 43. Rh4+ 1-0

[Event "Vladimir Bato Kontic Memorial 2021"]
[Site "Niksic"]
[Date "2021.04.22"]
[Round "9.6"]
[White "Nikac, Predrag"]
[Black "Injac, Teodora"]
[Result "1-0"]
[ECO "A03"]
[WhiteElo "2318"]
[BlackElo "2340"]
[Annotator "ChessBase"]
[PlyCount "87"]
[EventDate "2021.04.17"]
[EventType "swiss"]
[EventCountry "MNE"]
[SourceTitle "playchess.com"]
[Source "ChessBase"]
[SourceQuality "1"]
[TimeControl "40/5400+30:1800+30"]

1. f4 d5 2. Nf3 g6 3. g3 Bg7 4. Bg2 c6 5. a4 a5 6. O-O Qb6+ 7. Kh1 Nh6 8. Ra3 Nf5 9. Rb3 Qa7 10. Nc3 h5 11. e4 dxe4 12. Nxe4 h4 13. Nxh4 Be6 14. Re3 Nxe3 15. dxe3 Nd7 16. b3 O-O-O 17. Ng5 Nc5 18. Qe2 Bf6 19. Nhf3 Rdf8 20. Nxe6 Nxe6 21. e4 Nd4 22. Qc4 Nxf3 23. Bxf3 Qd4 24. Qe2 e6 25. Ba3 Rd8 26. e5 Bg7 27. Bd6 Bf8 28. Rd1 Qb6 29. c4 Bxd6 30. exd6 Qc5 31. Qe5 Qxe5 32. fxe5 Kd7 33. c5 Rhf8 34. Rf1 Rb8 35. Be4 g5 36. Rf6 b6 37. cxb6 Rxb6 38. Bg6 Rxb3 39. Bxf7 Kd8 40. Bxe6 Rxf6 41. exf6 Rf3 42. f7 c5 43. g4 Rf6 44. h4 1-0